 Dungeon Crawl Stone Soup version 0.26-a0-690-gcb57259078 (webtiles) character file.

Game seed: 734673651260382677

15811 grandjackal the Exorcist (level 12, -5/107 HPs)
             Began as a Hill Orc Fire Elementalist on Oct 24, 2020.
             Was an Elder of the Shining One.
             Slain by a six-headed hydra (9 damage)
             ... on level 12 of the Dungeon.
             The game lasted 00:31:16 (15833 turns).

grandjackal the Exorcist (HOFE)                    Turns: 15833, Time: 00:31:17

Health: -5/107     AC: 14    Str: 13    XL:     12   Next: 30%
Magic:  17/20      EV: 15    Int: 18    God:    the Shining One [****..]
Gold:   813        SH:  0    Dex: 11    Spells: 2/15 levels left

rFire    + . .     SeeInvis .   o - +7 mace of Blood {vorpal, *Rage rPois rF+ MR+}
rCold    + . .     Faith    .   (no shield)
rNeg     + + .     Spirit   .   C - +1 leather armour {rC+}
rPois    +         Reflect  .   p - +0 helmet
rElec    .         Harm     .   (no cloak)
rCorr    .         Rampage  .   (no gloves)
MR       +....     Rnd*Rage +   n - +2 pair of boots
Stlth    +.........             x - amulet of magic regeneration
HPRegen  0.27/turn              e - +4 ring of protection
MPRegen  0.42/turn              j - +4 ring of evasion

@: glowing
A: no striking features
a: Divine Shield, Cleansing Flame, Renounce Religion


You were on level 12 of the Dungeon.
You worshipped the Shining One.
The Shining One was greatly pleased with you.
You visited 1 branch of the dungeon, and saw 12 of its levels.

You collected 813 gold pieces.

Inventory:

Hand Weapons
 o - the +7 mace of Blood (weapon) {vorpal, *Rage rPois rF+ MR+}
   (You found it on level 8 of the Dungeon)

   It inflicts extra damage upon your enemies.
   It protects you from fire.
   It protects you from poison.
   It affects your resistance to hostile enchantments.
   It may make you go berserk in combat.
 A - a +1 flail of protection
 E - a +0 war axe
Armour
 n - a +2 pair of boots (worn)
 p - a +0 helmet (worn)
 C - a +1 leather armour of cold resistance (worn)
 D - a +2 ring mail of magic resistance
 G - the cursed +1 chain mail "Lonoatapn" {rElec MR+}
   (You found it on level 10 of the Dungeon)

   It insulates you from electricity.
   It affects your resistance to hostile enchantments.
   It has a curse placed upon it.
Jewellery
 e - a +4 ring of protection (left hand)
 j - a +4 ring of evasion (right hand)
 x - an amulet of magic regeneration (around neck)
Wands
 h - a wand of enslavement (10)
 w - a wand of iceblast (37)
 F - a wand of disintegration (8)
Scrolls
 a - 3 scrolls of magic mapping
 k - 3 scrolls of blinking
 m - 6 scrolls of teleportation
 q - a scroll of remove curse {unknown}
 r - 3 scrolls of enchant weapon {unknown}
 t - 6 scrolls of amnesia {unknown}
 v - 2 scrolls of noise {unknown}
 y - 3 scrolls of enchant armour {unknown}
 z - a scroll of immolation {unknown}
 H - 4 scrolls of fear {unknown}
 K - a scroll of fog {unknown}
 L - a scroll of identify
Potions
 b - 2 potions of resistance
 c - a potion of curing
 d - 2 potions of heal wounds
 f - a potion of mutation
 g - 2 potions of berserk rage
 i - 2 potions of might
 l - a potion of cancellation
 s - 2 potions of brilliance
 u - a potion of haste
 B - a potion of magic
 I - a potion of ambrosia
 J - a potion of flight {unknown}


   Skills:
 + Level 10.5 Fighting
 + Level 9.7 Armour
 - Level 1.5 Dodging
 - Level 1.5 Stealth
 - Level 2.0 Spellcasting
 + Level 9.0 Conjurations
 + Level 10.4 Fire Magic
 + Level 10.9 Invocations


You had 2 spell levels left.
You knew the following spells:

 Your Spells              Type           Power        Failure   Level
a - Foxfire               Conj/Fire      ####         1%          1
b - Conjure Flame         Conj/Fire      #####...     1%          3
c - Sticky Flame          Conj/Fire      #####...     4%          4
d - Fireball              Conj/Fire      #####.....   11%         5

Your spell library contained the following spells:

 Spells                   Type           Power        Failure   Level
 Freeze                   Ice            #...         22%         1
 Sandblast                Erth           #.....       22%         1
 Passwall                 Tmut/Erth      #.......     32%         2
 Inner Flame              Hex/Fire       ###.....     8%          3
 Stone Arrow              Conj/Erth      ###...       10%         3
 Hailstorm                Conj/Ice       ###.....     32%         4
 Frozen Ramparts          Ice            #.....       54%         3
 Ozocubu's Armour         Ice            #.......     54%         3
 Petrify                  Tmut/Erth      #.......     91%         4
 Summon Ice Beast         Ice/Summ       #.......     91%         4
 Lee's Rapid Deconstruct  Erth           #.........   99%         5


Dungeon Overview and Level Annotations

Branches:
Dungeon (12/15)            Temple (0/1) D:4            Lair (0/6) D:11
    Orc (0/2) D:9

Altars:
Cheibriados
Nemelex Xobeh
Okawaru
The Shining One


Message History

* * * LOW HITPOINT WARNING * * *
The six-headed hydra bites you but does no damage. x2
Unknown command.
You hit the six-headed hydra.
The six-headed hydra is almost dead.
The six-headed hydra barely misses you.
The six-headed hydra bites you but does no damage.
The six-headed hydra bites you.
* * * LOW HITPOINT WARNING * * *
The six-headed hydra barely misses you. The six-headed hydra bites you!
* * * LOW HITPOINT WARNING * * *
The six-headed hydra bites you but does no damage.
The six-headed hydra bites you.
* * * LOW HITPOINT WARNING * * *
The six-headed hydra bites you.
* * * LOW HITPOINT WARNING * * *
The six-headed hydra bites you!
* * * LOW HITPOINT WARNING * * *
The six-headed hydra bites you!
You die...

##......## ###
##........##....... ...
#..........#...... ###
#..........# ..... ##
#..........# .... ##.
#..........# #..# ##..
#..........# #..# #..#
##........#####.D####### #.##
##.>......##....@...#..## ##.##
#..........#.######.##..#####..#.
#..........#.#.##...##........#..
#..........###.##.###..#.######.#
#..........#...##...#.##...####.#
#..........#.######.#......^..#.#
##.........#........#.#######....
#......>^.####..####.# ###...
#............#..#....# ##.....


You could see a six-headed hydra.

Vanquished Creatures
  A hydra (D:12)
  3 two-headed ogres
  An unseen horror (D:12)
  3 ugly things
  2 cyclopes (D:11)
  A manticore (D:11)
  A gargoyle (D:9)
  A kobold demonologist (D:10)
  A troll (D:10)
  A hornet (D:11)
  8 slime creatures
  2 wyverns (D:11)
  12 yaks
  Menkaure (D:5)
  A soldier ant (D:12)
  A sky beast (D:11)
  A swamp drake (D:9)
  3 ice beasts
  5 orc warriors
  3 necrophages
  2 black bears
  2 ogres
  2 phantoms
  4 centaurs
  18 big kobolds
  A bullfrog (D:5)
  A gnoll sergeant (D:12)
  6 scorpions
  8 killer bees
  A water moccasin skeleton (D:5)
  4 wights (D:11)
  4 howler monkeys
  A centaur zombie (D:7)
  4 jellies
  A quasit (D:6)
  A hound (D:11)
  7 orc wizards
  8 orc priests
  2 bullfrog skeletons
  Jessica (D:3)
  Terence (D:2)
  2 iguanas
  8 worker ants
  A killer bee zombie (D:8)
  A hound skeleton (D:8)
  Robin (D:3)
  6 gnolls
  5 adders
  A shadow imp (D:10)
  An ufetubus (D:6)
  An adder skeleton (D:7)
  An adder zombie (D:8)
  4 worms
  A dart slug (D:1)
  3 leopard geckos
  47 orcs
  6 ball pythons
  9 bats
  5 giant cockroaches
  14 goblins
  13 hobgoblins
  13 jackals
  24 kobolds
  A quokka (D:3)
  A ball python skeleton (D:6)
  4 frilled lizards
  A jackal skeleton (D:4)
  A jackal zombie (D:5)
  2 quokka skeletons
  7 rats
  A butterfly (D:4)
316 creatures vanquished.

Vanquished Creatures (others)
  A wight (D:11)
  A killer bee (D:7)
  548 foxfires
  7 plants (D:11)
557 creatures vanquished.

Grand Total: 873 creatures vanquished

Notes
Turn   | Place    | Note
-------+----------+-------------------------------------------
     0 | D:1      | grandjackal the Hill Orc Fire Elementalist began the quest
                  | for the Orb.
     0 | D:1      | Reached XP level 1. HP: 14/14 MP: 3/3
   135 | D:1      | Reached XP level 2. HP: 11/20 MP: 0/4
   598 | D:1      | Reached XP level 3. HP: 27/27 MP: 3/5
   658 | D:1      | Reached skill level 1 in Fighting
   658 | D:1      | Reached skill level 1 in Armour
  1096 | D:1      | Learned a level 3 spell: Conjure Flame
  1741 | D:2      | Reached XP level 4. HP: 35/35 MP: 4/6
  1825 | D:2      | Noticed Terence
  1972 | D:2      | Killed Terence
  2506 | D:3      | Noticed Jessica
  2509 | D:3      | Killed Jessica
  2509 | D:3      | Reached XP level 5. HP: 41/41 MP: 6/8
  2662 | D:3      | Learned a level 4 spell: Sticky Flame
  2719 | D:3      | Found a snail-covered altar of Cheibriados.
  2832 | D:3      | Noticed Robin
  2938 | D:3      | Killed Robin
  3258 | D:3      | Found a glowing golden altar of the Shining One.
  3299 | D:3      | Became a worshipper of the Shining One
  3733 | D:4      | Reached XP level 6. HP: 50/50 MP: 5/9
  3784 | D:4      | Noticed a phantom
  3822 | D:4      | Killed a phantom
  3822 | D:4      | Reached skill level 1 in Invocations
  4200 | D:4      | Found a staircase to the Ecumenical Temple.
  4329 | D:4      | Reached skill level 5 in Fire Magic
  4712 | D:5      | Entered Level 5 of the Dungeon
  4724 | D:5      | Reached XP level 7. HP: 56/57 MP: 5/10
  5315 | D:5      | Reached * piety under the Shining One
  5656 | D:5      | Noticed Menkaure
  5670 | D:5      | Killed Menkaure
  6643 | D:6      | Reached XP level 8. HP: 66/66 MP: 8/11
  7469 | D:7      | Reached ** piety under the Shining One
  7481 | D:7      | Reached skill level 5 in Fighting
  7517 | D:7      | Reached skill level 5 in Armour
  7517 | D:7      | Reached skill level 5 in Invocations
  7983 | D:7      | Found a sparkling altar of Nemelex Xobeh.
  8119 | D:7      | Reached skill level 5 in Conjurations
  8119 | D:7      | Reached XP level 9. HP: 53/75 MP: 9/13
  8931 | D:8      | Got a brightly glowing mace
  8932 | D:8      | Identified the +7 mace of Blood {vorpal, *Rage rPois rF+
                  | MR+} (You found it on level 8 of the Dungeon)
 10024 | D:9      | Reached XP level 10. HP: 78/86 MP: 15/15
 10075 | D:9      | Learned a level 5 spell: Fireball
 10087 | D:9      | Found a staircase to the Orcish Mines.
 10443 | D:9      | Found an iron altar of Okawaru.
 10637 | D:9      | Noticed a gargoyle
 10643 | D:9      | Killed a gargoyle
 10932 | D:10     | Entered Level 10 of the Dungeon
 10950 | D:10     | Noticed a two-headed ogre
 10963 | D:10     | Killed a two-headed ogre
 10976 | D:10     | Got a scorched chain mail
 11194 | D:10     | Noticed a two-headed ogre
 11208 | D:10     | Killed a two-headed ogre
 11609 | D:10     | Reached *** piety under the Shining One
 11718 | D:10     | Noticed a kobold demonologist
 11721 | D:10     | Noticed a sun demon
 12023 | D:10     | Reached XP level 11. HP: 92/95 MP: 17/17
 12300 | D:10     | You fall into a shaft and drop 2 floors!
 12436 | D:12     | Noticed an eight-headed hydra
 12453 | D:12     | Noticed a brown ugly thing
 12456 | D:12     | Killed an eight-headed hydra
 12464 | D:12     | Killed a brown ugly thing
 12951 | D:12     | Identified the cursed +1 chain mail "Lonoatapn" {rElec MR+}
                  | (You found it on level 10 of the Dungeon)
 13054 | D:12     | Noticed an unseen horror
 13061 | D:12     | Killed an unseen horror
 13355 | D:11     | Found a staircase to the Lair.
 13413 | D:11     | Reached skill level 10 in Invocations
 13570 | D:11     | Reached **** piety under the Shining One
 13570 | D:11     | Noticed a cyclops
 13598 | D:11     | Killed a cyclops
 13772 | D:11     | Noticed a red ugly thing
 13782 | D:11     | Killed a red ugly thing
 13815 | D:11     | Noticed a two-headed ogre
 13838 | D:11     | Killed a two-headed ogre
 13838 | D:11     | Reached skill level 10 in Fighting
 13838 | D:11     | Reached skill level 10 in Fire Magic
 14077 | D:11     | Noticed a manticore
 14082 | D:11     | Killed a manticore
 14082 | D:11     | Reached XP level 12. HP: 52/106 MP: 16/19
 15825 | D:12     | Noticed a six-headed hydra
 15833 | D:12     | HP: 4/107 [six-headed hydra (10)]
 15833 | D:12     | Slain by a six-headed hydra

Illustrated notes

Levels and vault maps discovered:
D:1:      lightli_arrival_farm, layout_rooms
D:2:      layout_loops_ring, uniq_terence
D:3:      layout_basic, tso_metal_star, lemuel_doored_altar, uniq_jessica,
          uniq_robin
D:4:      layout_cave_pods, minmay_temple_entry_butterflies,
          chequers_hall_statues_corner_a, sigmund_army
D:5:      layout_gridville, uniq_menkaure
D:6:      layout_loops_corners
D:7:      layout_cave_pools, nemelex_xobeh_ov_fountains_minmay
D:8:      layout_cave_pods
D:9:      layout_loops_cross, lemuel_crystal_altar, erik_orc_1
D:10:     layout_roguey [special_room_kobold]
D:11:     layout_roguey, dpeg_oklobed_lair
D:12:     layout_rooms, bh_walls_and_bars

Skill      XL: |  1  2  3  4  5  6  7  8  9 10 11 12 |
---------------+-------------------------------------+-----
Fighting       | 1 2 3 4 5 7 8 10 | 10.5
Armour         | 1 2 3 4 5 6 7 9 |  9.7
Fire Magic     | 4 5 6 7 8 10 | 10.4
Spellcasting   | 2 |  2.0
Conjurations   | 2 3 5 6 7 8 9 |  9.0
Invocations    | 2 3 5 7 8 10 | 10.9
Dodging        | |  1.5
Stealth        | |  1.5

Action                   |  1- 3 |  4- 6 |  7- 9 | 10-12 || total
-------------------------+-------+-------+-------+-------++-------
Melee: Unarmed           |    17 |     3 |       |       ||    20
       Short sword       |       |    18 |    45 |       ||    63
       Flail             |       |       |    36 |       ||    36
       Mace              |       |       |    71 |   352 ||   423
 Cast: Foxfire           |    61 |   134 |    93 |    28 ||   316
       Conjure Flame     |       |     1 |     1 |     9 ||    11
       Sticky Flame      |       |       |    25 |    32 ||    57
       Fireball          |       |       |       |     6 ||     6
Invok: Divine Shield     |       |       |       |     1 ||     1
Evoke: Wand              |       |       |     3 |     7 ||    10
  Use: Scroll            |       |     5 |     3 |     8 ||    16
       Potion            |       |       |     1 |     1 ||     2
Armor: Robe              |    21 |    33 |       |       ||    54
       Animal skin       |       |    16 |    67 |       ||    83
       Leather armour    |       |       |    19 |   172 ||   191
Dodge: Dodged            |    37 |    93 |   236 |   357 ||   723
Block: Other             |       |       |       |     9 ||     9

Table legend: (Time is in decaauts)
 A = Elapsed time spent in this place.
 B = Non-inter-level travel time spent in this place.
 C = Inter-level travel time spent in this place.
 D = Time resting spent in this place.
 E = Time spent auto-exploring this place.
 F = Levels seen in this place.
 G = Mean time per level.
                   A        B        C        D        E       F      G
               +--------+--------+--------+--------+--------+-----+--------+
         Total |  16185 |  15695 |    490 |   6264 |   6083 |  12 | 1348.8 |
       Dungeon |  16185 |  15695 |    490 |   6264 |   6083 |  12 | 1348.8 |
               +--------+--------+--------+--------+--------+-----+--------+

Top non-repeatable levels by time:
    D:11: 2080 daAuts
     D:6: 1668 daAuts
     D:4: 1646 daAuts
    D:12: 1532 daAuts
    D:10: 1514 daAuts
     D:2: 1339 daAuts
     D:1: 1187 daAuts
     D:7: 1150 daAuts
     D:9: 1110 daAuts
     D:3: 1051 daAuts
     D:8: 1045 daAuts
     D:5: 859 daAuts
